[Event "Titled Tuesday Blitz July 11 Early 2023"]
[White "Svane, Frederik"]
[Black "Gordievsky, Dmitry"]
[WhiteFideId "12923044"]
[BlackFideId "24112798"]
[WhiteElo "2796"]
[BlackElo "2911"]
[Result "0-1"]
[Round "11"]
[TimeControl "180+2"]
[Date "2023.07.11"]
[WhiteClock "0:00:01"]
[BlackClock "0:00:04"]
[Board "11"]

1. e3 Nf6 2. b3 c5 3. Bb2 g6 4. g4 Bg7 5. g5 Nh5 6. Bxg7 Nxg7 7. c4 d5 8. Bg2 d4 9. Nf3 Nc6 10. d3 Bg4 11. h3 Bh5 12. O-O Ne6 13. Qd2 Bxf3 14. Bxf3 Nxg5 15. Bg2 Ne6 16. Na3 O-O 17. Nc2 Qd7 18. Rad1 Rad8 19. a3 a5 20. b4 axb4 21. axb4 cxb4 22. Nxb4 Ng5 23. h4 Nh3+ 24. Kh2 Nxf2 25. Nxc6 Ng4+ 26. Kh1 dxe3 27. Ne5 exd2 28. Nxd7 Rxd7 29. Rxd2 Ne5 30. Rb2 Nxd3 31. Rxb7 Rxb7 32. Bxb7 Nc5 33. Bg2 Rd8 34. Re1 Rd4 35. Rxe7 Rxh4+ 36. Kg1 Rxc4 37. Rxf7 Kxf7 38. Bd5+ Kf6 39. Bxc4 h5 40. Be2 Kg5 41. Kg2 Kh4 42. Kf3 g5 43. Bb5 Ne6 44. Be8 g4+ 45. Kf2 Kg5 46. Bd7 Nf4 47. Bc6 h4 48. Ke3 h3 49. Kf2 Kh4 50. Be4 g3+ 51. Kg1 Ne2+ 52. Kh1 Nd4 53. Kg1 Kg4 54. Kh1 Kf4 55. Bb7 Nf3 56. Be4 g2# 0-1


[Site "https://www.chess.com"]

[Event "Titled Tuesday Blitz July 11 Early 2023"]
[White "Movahed, Sina"]
[Black "Bauman_Guy"]
[WhiteFideId "42520835"]
[WhiteElo "2993"]
[BlackElo "2764"]
[Result "1-0"]
[Round "11"]
[TimeControl "180+2"]
[Date "2023.07.11"]
[WhiteClock "0:00:05"]
[BlackClock "0:00:02"]
[Board "12"]

1. e4 c5 2. Nf3 d6 3. d4 Nf6 4. Nc3 cxd4 5. Nxd4 a6 6. Bg5 Nbd7 7. Bc4 e6 8. Qe2 b5 9. Bb3 Nc5 10. O-O-O Qc7 11. Bxf6 gxf6 12. f4 Bd7 13. a3 h5 14. Kb1 Rb8 15. f5 Be7 16. Rhf1 b4 17. axb4 Rxb4 18. fxe6 fxe6 19. Nf5 Nxb3 20. cxb3 Rxb3 21. Rc1 Qb6 22. Rf3 Kf7 23. Nxe7 Kxe7 24. Rc2 Rb8 25. Rg3 Be8 26. Qd2 Bf7 27. Rf3 Qg1+ 28. Nd1 Qxh2 29. Rc7+ Ke8 30. Rxf6 Qg1 31. Rc2 Ke7 32. Rf4 Bg6 33. Kc1 Qb6 34. Rf2 Qb5 35. Rc7+ Kd8 36. Rc3 Kd7 37. Rc2 Bxe4 38. Rf7+ Ke8 39. Rcc7 Rd3 40. Rf8+ Kxf8 41. Qh6+ Ke8 42. Qh8# 1-0


[Site "https://www.chess.com"]

[Event "Titled Tuesday Blitz July 11 Early 2023"]
[White "Kumsiashvili, Nikoloz"]
[Black "He, Anthony"]
[WhiteFideId "13600621"]
[BlackFideId "2088215"]
[WhiteElo "2738"]
[BlackElo "2987"]
[Result "0-1"]
[Round "11"]
[TimeControl "180+2"]
[Date "2023.07.11"]
[WhiteClock "0:00:05"]
[BlackClock "0:02:05"]
[Board "13"]

1. Nf3 g6 2. d4 Bg7 3. c4 c5 4. d5 d6 5. e4 Nf6 6. Nc3 O-O 7. Be2 e6 8. O-O Re8 9. h3 exd5 10. exd5 Nbd7 11. Bf4 Ne5 12. Nxe5 dxe5 13. Be3 b6 14. f3 e4 15. f4 h5 16. Qe1 Bf5 17. Rd1 Qd7 18. Qh4 Rad8 19. Kh1 Qe7 20. Rg1 Nxd5 21. Qxe7 Nxe7 22. g4 hxg4 23. hxg4 Bc8 24. Rxd8 Rxd8 25. Nxe4 Bb7 26. Bf3 Rd3 27. Re1 f5 28. Nf6+ Bxf6 29. Bxb7 fxg4 30. Be4 Rd6 31. b3 Nf5 32. Bd5+ Kg7 33. Bg1 Rd8 34. Kg2 Rh8 35. Bf2 Rh3 36. Re8 Bd4 37. Ra8 Bxf2 38. Rxa7+ Kh6 39. Kxf2 Rh2+ 40. Kg1 g3 41. Ra8 Rd2 42. Rh8+ Kg7 43. Rg8+ Kh7 44. Rf8 Nh4 45. Kf1 Rxa2 46. Re8 g2+ 47. Bxg2 Nxg2 48. Re6 Nxf4 49. Rxb6 g5 50. Rb5 Nd3 51. Rb7+ Kg6 52. Rd7 Rd2 53. Rd5 g4 54. Rd6+ Kf5 55. Rd5+ Ke4 0-1


[Site "https://www.chess.com"]

[Event "Titled Tuesday Blitz July 11 Early 2023"]
[White "Papasimakopoulos, Alexandros"]
[Black "Ibarra Jerez, Jose Carlos"]
[WhiteFideId "4244125"]
[BlackFideId "2226332"]
[WhiteElo "2736"]
[BlackElo "2913"]
[Result "0-1"]
[Round "11"]
[TimeControl "180+2"]
[Date "2023.07.11"]
[WhiteClock "0:00:03"]
[BlackClock "0:00:16"]
[Board "14"]

1. d4 Nf6 2. c4 e6 3. Nc3 Bb4 4. Qc2 d5 5. cxd5 Qxd5 6. Nf3 Qf5 7. Qxf5 exf5 8. a3 Bd6 9. Nb5 Be6 10. Nxd6+ cxd6 11. Bf4 Ke7 12. e3 Nbd7 13. Bd3 Rhc8 14. Nd2 Nb6 15. Ke2 Na4 16. Rhb1 a6 17. Bg5 h6 18. Bxf6+ Kxf6 19. Kd1 b5 20. Bc2 Nb6 21. Bb3 Rc7 22. Rc1 Rac8 23. Rxc7 Rxc7 24. Rc1 Bxb3+ 25. Nxb3 Nc4 26. Rc2 Ke6 27. Nc1 Rb7 28. Nd3 g5 29. Ke2 a5 30. a4 Kd5 31. b3 Na3 32. Ra2 b4 33. Ra1 f4 34. Rc1 fxe3 35. fxe3 Re7 36. g4 f6 37. h3 h5 38. Nf2 hxg4 39. hxg4 Rh7 40. Kd3 Rh2 41. Ne4 Ke6 42. Rc6 Rb2 43. Rxd6+ Ke7 44. Rc6 Rxb3+ 45. Ke2 Rb2+ 46. Kd3 Rb3+ 47. Ke2 Rb1 48. d5 b3 49. d6+ Kd8 50. Nc5 Rb2+ 51. Kd3 Rc2 52. Rc7 Rxc5 53. Rxc5 b2 54. Rb5 Nxb5 55. Kc2 Nc3 56. Kxb2 Nxa4+ 57. Kb3 Nb6 58. e4 Kd7 59. e5 fxe5 0-1


[Site "https://www.chess.com"]

[Event "Titled Tuesday Blitz July 11 Early 2023"]
[White "Amilal Munkhdalai"]
[Black "Zhigalko, Sergei"]
[WhiteFideId "4903250"]
[BlackFideId "13502956"]
[WhiteElo "2706"]
[BlackElo "2873"]
[Result "0-1"]
[Round "11"]
[TimeControl "180+2"]
[Date "2023.07.11"]
[WhiteClock "0:00:45"]
[BlackClock "0:01:05"]
[Board "15"]

1. e4 c5 2. Nf3 Nc6 3. Bb5 Nf6 4. e5 Nd5 5. Bxc6 dxc6 6. h3 h6 7. d3 Bf5 8. Qe2 Nc7 9. Nbd2 Ne6 10. Ne4 g5 11. Ng3 Bg6 12. Bd2 Bg7 13. Bc3 Nf4 14. Qf1 c4 15. O-O-O cxd3 16. Ne1 Qd5 17. e6 d2+ 18. Rxd2 Qxa2 19. exf7+ Kxf7 20. Rd7 Rhd8 21. Rxd8 Rxd8 22. Nd3 Bxd3 23. cxd3 Bxc3 24. bxc3 Nxd3+ 25. Kd1 Nb4+ 0-1


[Site "https://www.chess.com"]

[Event "Titled Tuesday Blitz July 11 Early 2023"]
[White "NikaVolkov"]
[Black "Galchenko, Matvey"]
[BlackFideId "24175480"]
[WhiteElo "2719"]
[BlackElo "2863"]
[Result "0-1"]
[Round "11"]
[TimeControl "180+2"]
[Date "2023.07.11"]
[WhiteClock "0:00:04"]
[BlackClock "0:00:06"]
[Board "16"]

1. d4 Nf6 2. c4 c5 3. e3 g6 4. Nf3 Bg7 5. Nc3 cxd4 6. exd4 d5 7. Be2 O-O 8. O-O Nc6 9. Be3 Bg4 10. h3 Bxf3 11. Bxf3 dxc4 12. Bxc6 bxc6 13. Qa4 Qd7 14. Qxc4 Nd5 15. Rac1 Rab8 16. b3 Nxc3 17. Rxc3 Rfc8 18. a3 c5 19. Rfc1 Bxd4 20. Rd3 e5 21. f4 exf4 22. Bf2 Qe7 23. Bxd4 cxd4 24. Qxc8+ Rxc8 25. Rxc8+ Kg7 26. Rc4 Qxa3 27. Rcxd4 g5 28. Rd7 h5 29. Rb7 g4 30. hxg4 hxg4 31. Rdd7 Qc1+ 32. Kh2 g3+ 33. Kh3 Kg6 34. Rxf7 Qh1+ 35. Kg4 Qxg2 36. Rg7+ Kf6 37. Rbf7+ Ke6 38. Rxf4 Qg1 39. Rg6+ Kd7 40. Rf7+ Ke8 41. Rh7 Qd1+ 42. Kg5 Qd2+ 43. Kg4 Qd1+ 44. Kg5 Qd5+ 45. Kh6 Qd2+ 46. Kg7 Qd4+ 47. Kg8 Qd5+ 48. Kh8 g2 49. Rhg7 Qh5+ 50. Kg8 Qd5+ 51. Kh8 Qh5+ 52. Kg8 g1=Q 53. Rxg1 Qd5+ 54. Kh8 Qxb3 55. Rg8+ Kd7 56. R1g7+ Kc6 57. Rxa7 Qc3+ 58. Rag7 Kd6 59. Rf8 Ke6 60. Kg8 Qc4 61. Rff7 Ke5 62. Rg6 Qd4 63. Re7+ Kf5 64. Kh7 Qh4+ 65. Kg8 Qxe7 66. Rg7 Qe8+ 67. Kh7 Kf6 68. Kh6 Qe3+ 69. Kh7 Qe4+ 70. Kh8 Qe8+ 71. Kh7 Qh5+ 72. Kg8 Qd5+ 73. Kh8 Qh1+ 74. Kg8 Qa8+ 75. Kh7 Qe8 76. Kh6 Qf8 77. Kh7 Qxg7# 0-1


[Site "https://www.chess.com"]

[Event "Titled Tuesday Blitz July 11 Early 2023"]
[White "Jaracz, Pawel"]
[Black "Pakleza, Zbigniew"]
[WhiteFideId "1102222"]
[BlackFideId "1119290"]
[WhiteElo "2705"]
[BlackElo "2823"]
[Result "1-0"]
[Round "11"]
[TimeControl "180+2"]
[Date "2023.07.11"]
[WhiteClock "0:00:28"]
[BlackClock "0:00:01"]
[Board "17"]

1. e4 d6 2. d4 Nf6 3. Nc3 c6 4. g3 b5 5. Bg2 e5 6. Nge2 Nbd7 7. O-O Bb7 8. a3 Be7 9. h3 a5 10. g4 b4 11. Nb1 O-O 12. Ng3 exd4 13. Qxd4 c5 14. Qd1 Qc7 15. g5 Ne8 16. Nf5 Qd8 17. Qg4 Nc7 18. Qg3 Ne6 19. h4 Re8 20. Be3 Qb6 21. Nd2 Ba6 22. Rfe1 Bf8 23. axb4 axb4 24. h5 Rad8 25. Kh2 g6 26. Nh6+ Bxh6 27. gxh6 Nf6 28. hxg6 fxg6 29. f4 Bc8 30. f5 Nf8 31. Qh4 d5 32. Bg5 N8d7 33. fxg6 hxg6 34. Rf1 Rf8 35. h7+ Kh8 36. e5 Ne4 37. Nxe4 dxe4 38. Bxd8 Qxd8 39. Qxd8 Rxd8 40. e6 Ne5 41. e7 Re8 42. Rf8+ 1-0


[Site "https://www.chess.com"]

[Event "Titled Tuesday Blitz July 11 Early 2023"]
[White "Begmuratov, Alisher"]
[Black "Kosteniuk, Alexandra"]
[WhiteFideId "14203367"]
[BlackFideId "4128125"]
[WhiteElo "2677"]
[BlackElo "2794"]
[Result "0-1"]
[Round "11"]
[TimeControl "180+2"]
[Date "2023.07.11"]
[WhiteClock "0:00:34"]
[BlackClock "0:01:02"]
[Board "18"]

1. e4 c6 2. d4 d5 3. Nc3 dxe4 4. Nxe4 Nf6 5. Nc3 g6 6. Nf3 Bg7 7. Bc4 O-O 8. h3 Nbd7 9. O-O b5 10. Bb3 b4 11. Na4 Nd5 12. Re1 a5 13. Bg5 Re8 14. c4 bxc3 15. bxc3 h6 16. Bh4 N7f6 17. Ne5 e6 18. c4 Ne7 19. c5 Nf5 20. Nxc6 Qc7 21. Nb6 Nxh4 22. Nxa8 Qxc6 23. d5 Qxa8 24. c6 exd5 25. Rc1 Be6 26. c7 Rc8 27. f3 Qa7+ 28. Kh1 Rxc7 29. Rxc7 Qxc7 30. Qd2 Qg3 31. Rc1 h5 32. Qe2 Bh6 0-1


[Site "https://www.chess.com"]

[Event "Titled Tuesday Blitz July 11 Early 2023"]
[White "Maximov, Dmitry"]
[Black "Haug, Havard"]
[WhiteFideId "14105659"]
[BlackFideId "1547887"]
[WhiteElo "2794"]
[BlackElo "2660"]
[Result "1-0"]
[Round "11"]
[TimeControl "180+2"]
[Date "2023.07.11"]
[WhiteClock "0:00:40"]
[BlackClock "0:00:03"]
[Board "19"]

1. e4 c6 2. Nf3 d5 3. Nc3 dxe4 4. Nxe4 Nf6 5. Qe2 Nxe4 6. Qxe4 Qd5 7. Qe3 Qe6 8. d4 Qxe3+ 9. Bxe3 g6 10. h3 Bg7 11. O-O-O Nd7 12. Bc4 Nf6 13. Rhe1 O-O 14. a3 Nd5 15. Bg5 f6 16. Bd2 Kf7 17. Ba2 Be6 18. Kb1 Nc7 19. Rxe6 Nxe6 20. Re1 Rfd8 21. Rxe6 Kf8 22. Kc1 Rd7 23. h4 Rad8 24. Bc4 Rd6 25. Re1 f5 26. Bf4 Rxd4 27. Bg5 Rxc4 28. Bxe7+ Ke8 29. Bf6+ Re4 30. Bxg7 Rd7 31. Bc3 Rde7 32. Rh1 h6 33. b3 c5 34. Bd2 f4 35. a4 Re2 36. Rf1 g5 37. hxg5 hxg5 38. Nxg5 c4 39. bxc4 Rc7 40. Kd1 Ree7 41. Bxf4 Rxc4 42. Be3 Rg4 43. Nf3 Rxg2 44. Ke2 Rg4 45. Ra1 b6 46. a5 Rc4 47. Kd3 Rec7 48. axb6 Rc3+ 49. Ke4 axb6 50. Ne5 Rxc2 51. Bxb6 Rb7 52. Bd4 Rc8 53. f4 Rb4 54. Rh1 Ke7 55. Rh7+ Kd8 56. f5 Rc1 57. Kd5 Rb5+ 58. Ke6 Rf1 59. f6 Rxf6+ 60. Kxf6 Kc8 61. Ke6 Rb7 62. Rh8+ Kc7 63. Bc5 Rb5 64. Rh7+ Kc8 65. Bd6 Rb3 66. Rc7+ Kb8 67. Nc6+ Ka8 68. Ra7# 1-0


[Site "https://www.chess.com"]

[Event "Titled Tuesday Blitz July 11 Early 2023"]
[White "Dinosaurio_1975"]
[Black "Zemlyanskii, Ivan"]
[BlackFideId "24249971"]
[WhiteElo "2591"]
[BlackElo "2791"]
[Result "0-1"]
[Round "11"]
[TimeControl "180+2"]
[Date "2023.07.11"]
[WhiteClock "0:00:17"]
[BlackClock "0:00:25"]
[Board "20"]

1. Nf3 d5 2. g3 Nf6 3. Bg2 c5 4. O-O e6 5. b3 Be7 6. Bb2 O-O 7. d4 cxd4 8. Nxd4 e5 9. Nf3 e4 10. Nd4 Nc6 11. Nd2 e3 12. fxe3 Ng4 13. Nxc6 bxc6 14. Rf3 Bg5 15. Nf1 Qe7 16. h3 Ne5 17. Rf2 Re8 18. Qd4 Bf6 19. Qf4 h6 20. e4 Qc5 21. exd5 Ng6 22. Qc1 Rxe2 23. Ne3 Bxb2 24. Qxb2 Qxe3 25. Rf1 cxd5 26. Qb1 Be6 27. Qd1 Rxf2 28. Rxf2 Qxg3 29. Qf3 Qxf3 30. Bxf3 Rc8 31. Kh2 Ne5 32. Bg2 Rc3 33. Rd2 Nf3+ 34. Bxf3 Rxf3 0-1


[Site "https://www.chess.com"]

[Event "Titled Tuesday Blitz July 11 Early 2023"]
[White "lagarto93"]
[Black "Schmakel, Sam"]
[BlackFideId "2039311"]
[WhiteElo "2538"]
[BlackElo "2781"]
[Result "0-1"]
[Round "11"]
[TimeControl "180+2"]
[Date "2023.07.11"]
[WhiteClock "0:00:14"]
[BlackClock "0:00:08"]
[Board "21"]

1. d4 d5 2. c4 e6 3. Nc3 Nf6 4. cxd5 exd5 5. Bg5 c6 6. e3 h6 7. Bh4 Be7 8. Bd3 O-O 9. Nf3 Re8 10. O-O Nbd7 11. Qc2 Ne4 12. Bxe7 Qxe7 13. Rab1 a5 14. a3 Ndf6 15. Ne5 Ng4 16. Nxg4 Bxg4 17. Rbe1 Nd6 18. f3 Bd7 19. e4 dxe4 20. fxe4 f6 21. e5 fxe5 22. dxe5 Nf7 23. Bh7+ Kh8 24. Bg6 Rf8 25. Qe2 Be6 26. Bc2 Qc5+ 27. Kh1 Bc4 28. Qe4 Ng5 29. Rxf8+ Rxf8 30. Qg6 Qxe5 31. Rd1 Qf6 32. h4 Qxg6 33. Bxg6 Ne6 34. Rd7 b5 35. Ne4 b4 36. Nd6 Bd5 37. Nf7+ Kg8 38. axb4 Nf4 39. h5 Bxf7 40. Bxf7+ Rxf7 41. Rd6 axb4 42. Rxc6 Nxh5 43. Rb6 Rf4 44. Rb5 Nf6 45. g3 Rd4 46. Kg2 Kh7 47. Kf3 g5 48. Ke3 Re4+ 49. Kf3 Rc4 50. Rb6 Kg6 51. Ke3 h5 52. Kd3 Rg4 53. Ke2 Rxg3 54. Rxb4 h4 55. Kf2 Rd3 56. Rc4 Rd6 57. b4 Rb6 58. Kf3 Nd5 59. Rd4 Nxb4 60. Kg4 Nc2 61. Rd5 Ne3+ 62. Kh3 Nxd5 0-1


[Site "https://www.chess.com"]

[Event "Titled Tuesday Blitz July 11 Early 2023"]
[White "Kozak, Antoni"]
[Black "arenal72"]
[WhiteFideId "21832030"]
[WhiteElo "2777"]
[BlackElo "2472"]
[Result "1/2-1/2"]
[Round "11"]
[TimeControl "180+2"]
[Date "2023.07.11"]
[WhiteClock "0:00:07"]
[BlackClock "0:00:03"]
[Board "22"]

1. e4 Nc6 2. Nf3 d6 3. d4 Nf6 4. Nc3 g6 5. Be3 a6 6. a4 Bg7 7. h3 O-O 8. g4 Nb4 9. Bg2 a5 10. O-O c6 11. Qd2 Qc7 12. Rae1 e5 13. Rd1 Be6 14. Rfe1 Rad8 15. Ng5 Bc8 16. f4 Rfe8 17. Qf2 exf4 18. Bxf4 h6 19. Nf3 Qb6 20. Qd2 h5 21. g5 Nh7 22. Kh1 Nf8 23. Be3 d5 24. e5 Bf5 25. Rc1 Qc7 26. Rf1 Qd7 27. Kh2 b6 28. Qf2 Be6 29. b3 Rc8 30. Ne1 Bf5 31. Nf3 Rc7 32. Nh4 Be6 33. Qd2 Qd8 34. Ne2 c5 35. c3 Na6 36. Nf4 cxd4 37. cxd4 Nb4 38. Rxc7 Qxc7 39. Rc1 Qd7 40. Bf1 Rc8 41. Bb5 Qd8 42. Nf3 Bf5 43. h4 Ne6 44. Nxe6 fxe6 45. Rxc8 Qxc8 46. Qc1 Qxc1 47. Bxc1 Na2 48. Bb2 Bf8 49. Kg3 Bc2 50. Be8 Kg7 51. Ne1 Bxb3 52. Nd3 Bc2 53. Nf4 Bf5 54. Bb5 Kf7 55. Kf3 Bb4 56. Ke3 Bc3 57. Ba3 Nb4 58. Bxb4 Bxb4 59. Bd3 Bxd3 60. Kxd3 Be1 61. Ng2 Bb4 62. Kc2 Ke7 63. Kb3 Bd2 64. Kc2 Bb4 65. Kd3 Ba3 66. Nf4 Kf7 67. Ng2 Bc1 68. Kc2 Ba3 69. Kc3 Ke7 70. Kb3 Bb4 71. Kc2 Ke8 72. Kd3 Ba3 73. Ke2 Bc1 74. Kd1 Bb2 75. Kc2 Bxd4 76. Nf4 Kf7 77. Nd3 Ba1 78. Kb1 Bd4 79. Kc2 Ke7 80. Nf4 Kf7 81. Nd3 1/2-1/2


[Site "https://www.chess.com"]

[Event "Titled Tuesday Blitz July 11 Early 2023"]
[White "Shimanov, Aleksandr"]
[Black "JonSnowNW1"]
[WhiteFideId "4198603"]
[WhiteElo "2909"]
[BlackElo "2485"]
[Result "1-0"]
[Round "11"]
[TimeControl "180+2"]
[Date "2023.07.11"]
[WhiteClock "0:01:33"]
[BlackClock "0:00:00"]
[Board "23"]

1. e4 c5 2. Nc3 d6 3. f4 g6 4. Nf3 Bg7 5. Bb5+ Bd7 6. Bc4 e6 7. O-O Nc6 8. d3 Nd4 9. f5 gxf5 10. exf5 d5 11. fxe6 Bxe6 12. Bb3 Ne7 13. Ng5 Nef5 14. Ba4+ b5 15. Nxb5 O-O 16. Nxd4 Bxd4+ 17. Kh1 h6 18. Nf3 Be3 19. g4 Bxc1 20. gxf5 Bxb2 21. fxe6 Bxa1 22. Qxa1 f6 23. Nh4 Kh8 24. Qc1 Kh7 25. Nf5 1-0


[Site "https://www.chess.com"]

[Event "Titled Tuesday Blitz July 11 Early 2023"]
[White "Nefedov, Sergey"]
[Black "Dau Khuong Duy"]
[WhiteFideId "24113417"]
[BlackFideId "12424722"]
[WhiteElo "2650"]
[BlackElo "2880"]
[Result "1-0"]
[Round "11"]
[TimeControl "180+2"]
[Date "2023.07.11"]
[WhiteClock "0:00:05"]
[BlackClock "0:00:05"]
[Board "24"]

1. d4 Nf6 2. Nf3 g6 3. Bf4 Bg7 4. e3 O-O 5. Be2 d6 6. h3 Nbd7 7. O-O b6 8. a4 a6 9. Bh2 Bb7 10. Nc3 c5 11. d5 Rc8 12. e4 Ne8 13. Re1 Nc7 14. Bc4 Ne5 15. Nxe5 dxe5 16. Qe2 Ra8 17. Rad1 Ne8 18. f4 Qc7 19. f5 Nd6 20. g4 f6 21. h4 Kf7 22. b3 Ke8 23. Rf1 Kd8 24. Rf3 Kc8 25. Rdf1 gxf5 26. gxf5 Kb8 27. Kh1 Ka7 28. Rg1 Bh6 29. Rfg3 Bf4 30. R3g2 Bxh2 31. Kxh2 Rf7 32. Rg7 Raf8 33. Qh5 Qd7 34. Qxh7 Rxg7 35. Rxg7 Re8 36. Be2 Nxe4 37. Nxe4 Qxd5 38. Bf3 Qd4 39. Rxe7 Rxe7 40. Qxe7 Qe3 41. Kg2 Ka8 42. Qd8+ Ka7 43. Qd3 Qf4 44. Nd6 e4 45. Bxe4 Qg4+ 46. Kf2 Qxh4+ 47. Ke2 Qh2+ 48. Kd1 Qg1+ 49. Kd2 Qg5+ 50. Kc3 Bxe4 51. Nxe4 Qxf5 52. Kb2 Qe5+ 53. Nc3 f5 54. Ka2 f4 55. Nd5 b5 56. a5 Kb7 57. c4 bxc4 58. bxc4 Kc6 59. Qb3 Qe2+ 60. Ka3 Kd6 61. Qb8+ Kd7 62. Qc7+ Ke8 63. Qxc5 f3 64. Qe3+ Kd7 65. Kb4 Qd1 66. Kc5 Kc8 67. Qe8+ Kb7 68. Qc6+ Kb8 69. Qc7+ Ka8 70. Nb6# 1-0


[Site "https://www.chess.com"]

[Event "Titled Tuesday Blitz July 11 Early 2023"]
[White "Frolyanov, Dmitry"]
[Black "Goltsev, Dmitry"]
[WhiteFideId "4151976"]
[BlackFideId "24176710"]
[WhiteElo "2615"]
[BlackElo "2772"]
[Result "0-1"]
[Round "11"]
[TimeControl "180+2"]
[Date "2023.07.11"]
[WhiteClock "0:00:00"]
[BlackClock "0:00:22"]
[Board "25"]

1. d4 Nf6 2. c4 e6 3. Nf3 b6 4. a3 Ba6 5. e3 d5 6. b3 Be7 7. Bd3 O-O 8. O-O dxc4 9. bxc4 Bb7 10. Nbd2 c5 11. Bb2 Nbd7 12. Qe2 Qc7 13. Rfd1 Rfd8 14. Rac1 Rac8 15. h3 Nf8 16. Ne5 Ng6 17. Nxg6 hxg6 18. Nf3 Qc6 19. d5 exd5 20. cxd5 Rxd5 21. Bc4 Rxd1+ 22. Rxd1 Rf8 23. Qf1 Bd6 24. Bxf6 gxf6 25. Bd5 Qxd5 26. Rxd5 Bxd5 27. Qd3 Rd8 28. e4 Be6 29. Qc3 Be7 30. g4 b5 31. Qa5 Rd3 32. Qxa7 Bf8 33. Kg2 c4 34. g5 c3 35. Qc7 Bc4 36. Ne1 Rd1 37. Nc2 Rd2 38. Ne3 c2 39. Nxc2 Rxc2 40. Kg3 fxg5 41. Qd8 Rc3+ 42. f3 Be2 43. Kf2 Bxf3 44. Qxg5 Bc5+ 0-1


[Site "https://www.chess.com"]

[Event "Titled Tuesday Blitz July 11 Early 2023"]
[White "Nasuta, Grzegorz"]
[Black "Piesik, Piotr"]
[WhiteFideId "1141686"]
[BlackFideId "1136194"]
[WhiteElo "2750"]
[BlackElo "2611"]
[Result "1-0"]
[Round "11"]
[TimeControl "180+2"]
[Date "2023.07.11"]
[WhiteClock "0:01:43"]
[BlackClock "0:01:36"]
[Board "26"]

1. e4 e6 2. d4 d5 3. e5 c5 4. c3 Nc6 5. Nf3 Bd7 6. Be2 Nge7 7. O-O Ng6 8. g3 Be7 9. h4 O-O 10. h5 Nh8 11. dxc5 Bxc5 12. h6 g6 13. Bg5 Be7 14. Bxe7 Qxe7 15. c4 dxc4 16. Nc3 f6 17. exf6 Rxf6 18. Ne4 Rff8 19. Bxc4 Nf7 20. Qxd7 1-0


[Site "https://www.chess.com"]

[Event "Titled Tuesday Blitz July 11 Early 2023"]
[White "Ambartsumova, Karina"]
[Black "Jarovinsky, Alexey"]
[WhiteFideId "4166299"]
[BlackFideId "14115131"]
[WhiteElo "2599"]
[BlackElo "2731"]
[Result "1-0"]
[Round "11"]
[TimeControl "180+2"]
[Date "2023.07.11"]
[WhiteClock "0:00:19"]
[BlackClock "0:00:00"]
[Board "27"]

1. d4 c5 2. d5 g6 3. c4 d6 4. Nc3 Bg7 5. Nf3 Nf6 6. e4 O-O 7. Be2 e6 8. O-O exd5 9. cxd5 Bg4 10. h3 Bxf3 11. Bxf3 Nbd7 12. Qc2 a6 13. a4 Re8 14. Bf4 Ne5 15. Be2 c4 16. Bxe5 Rxe5 17. Bxc4 Rc8 18. Bd3 Nd7 19. Rae1 Qb6 20. Kh1 Ree8 21. f4 Nc5 22. Qf2 Qb4 23. Bb1 Nxa4 24. Nxa4 Qxa4 25. e5 Qd7 26. Qd4 Qc7 27. exd6 Qxd6 28. Qd2 Red8 29. Rd1 Qb6 30. Rf2 Rd6 31. f5 Rcd8 32. Be4 a5 33. fxg6 fxg6 34. Rdf1 Qc7 35. Qd3 Qe7 36. Re2 Qd7 37. Bf3 Re8 38. Rfe1 Rxe2 39. Qxe2 h5 40. Qd3 1-0


[Site "https://www.chess.com"]

[Event "Titled Tuesday Blitz July 11 Early 2023"]
[White "Suleymanli, Suleyman"]
[Black "Vlassov, Nikolai"]
[WhiteFideId "13416375"]
[BlackFideId "4103360"]
[WhiteElo "2724"]
[BlackElo "2597"]
[Result "0-1"]
[Round "11"]
[TimeControl "180+2"]
[Date "2023.07.11"]
[WhiteClock "0:00:18"]
[BlackClock "0:00:23"]
[Board "28"]

1. Nf3 c5 2. g3 b5 3. Bg2 Bb7 4. O-O Nf6 5. a4 b4 6. a5 e6 7. c4 bxc3 8. Nxc3 Na6 9. d4 cxd4 10. Nxd4 Bxg2 11. Kxg2 Be7 12. Bf4 O-O 13. Qd2 Bb4 14. Ra4 Nd5 15. Qd1 Bxc3 16. bxc3 Nxc3 17. Qd3 Nxa4 18. Qxa6 Nc5 19. Qb5 d6 20. Nc6 Qc7 21. Qxc5 Rfc8 22. Qxd6 Qxd6 23. Bxd6 Rxc6 24. Bb4 Rb8 25. Rd1 f6 26. Be1 Rb7 27. Rd3 Kf7 28. Bd2 e5 29. Be3 Ke6 30. Rd8 Ra6 31. Rh8 Rxa5 32. Rxh7 Rab5 33. h4 a5 34. h5 a4 35. Rh8 Ra5 36. Rh7 a3 37. Bd2 Raa7 38. Bc3 a2 39. Ba1 Rb1 40. h6 Rxa1 41. hxg7 Rxg7 42. Rxg7 Rb1 0-1


[Site "https://www.chess.com"]

[Event "Titled Tuesday Blitz July 11 Early 2023"]
[White "NovoselovRoman"]
[Black "Matinian, Nikita"]
[BlackFideId "24129100"]
[WhiteElo "2591"]
[BlackElo "2704"]
[Result "1-0"]
[Round "11"]
[TimeControl "180+2"]
[Date "2023.07.11"]
[WhiteClock "0:00:05"]
[BlackClock "0:00:01"]
[Board "29"]

1. e4 c5 2. Nc3 Nc6 3. g3 g6 4. Bg2 Bg7 5. d3 Rb8 6. a4 a6 7. Nf3 b5 8. axb5 axb5 9. O-O b4 10. Ne2 e5 11. Be3 Nd4 12. c3 bxc3 13. bxc3 Ne6 14. d4 exd4 15. cxd4 Ne7 16. Rc1 cxd4 17. Nfxd4 O-O 18. Qd2 d5 19. exd5 Nxd4 20. Bxd4 Ba6 21. Bxg7 Kxg7 22. Rfd1 Bxe2 23. Qxe2 Qd6 24. h4 Nf5 25. Rc6 Rfe8 26. Qc4 Qa3 27. h5 Rb4 28. Qc5 Qb2 29. d6 Rd4 30. Rxd4 Nxd4 31. d7 Re1+ 32. Kh2 Qxf2 33. d8=Q Nf3+ 34. Kh3 Ng1+ 35. Kh4 Re4+ 36. Bxe4 Qh2+ 37. Kg4 Qe2+ 38. Kf4 Nh3+ 39. Ke5 Qxh5+ 40. Kd6 Qd1+ 41. Kc7 1-0


[Site "https://www.chess.com"]

[Event "Titled Tuesday Blitz July 11 Early 2023"]
[White "FromTexas54"]
[Black "Kvaloy, Aksel Bu"]
[BlackFideId "1528815"]
[WhiteElo "2541"]
[BlackElo "2670"]
[Result "1-0"]
[Round "11"]
[TimeControl "180+2"]
[Date "2023.07.11"]
[WhiteClock "0:01:07"]
[BlackClock "0:00:21"]
[Board "30"]

1. d4 Nf6 2. c4 e6 3. Nf3 d5 4. Nc3 Bb4 5. cxd5 exd5 6. Bg5 h6 7. Bh4 O-O 8. e3 Bf5 9. Bd3 Bxd3 10. Qxd3 Nbd7 11. O-O Be7 12. Ne5 c6 13. f4 Ne4 14. Bxe7 Qxe7 15. Nxd7 Nxc3 16. Nxf8 Ne4 17. Ng6 fxg6 18. f5 gxf5 19. Rxf5 Rf8 20. Raf1 Rxf5 21. Rxf5 Qb4 22. Qf1 Qd6 23. Rf7 Qb4 24. Rd7 Nf6 25. Rd8+ Kf7 26. h3 Qd2 27. Qf2 Qc1+ 28. Kh2 Qc4 29. Rd7+ Kg8 30. Rxb7 Qxa2 31. Qf5 Qa5 32. Qe6+ Kh7 33. Qxf6 Qc7+ 34. Rxc7 1-0


[Site "https://www.chess.com"]

[Event "Titled Tuesday Blitz July 11 Early 2023"]
[White "Perez Candelario, Manuel"]
[Black "Yurasova, Daria"]
[WhiteFideId "2210622"]
[BlackFideId "34146919"]
[WhiteElo "2665"]
[BlackElo "2468"]
[Result "0-1"]
[Round "11"]
[TimeControl "180+2"]
[Date "2023.07.11"]
[WhiteClock "0:00:06"]
[BlackClock "0:00:07"]
[Board "31"]

1. e4 e5 2. Nf3 Nc6 3. d4 exd4 4. Nxd4 Nf6 5. Nc3 Bb4 6. Nxc6 bxc6 7. Bd3 d5 8. exd5 cxd5 9. O-O Be6 10. Bb5+ Kf8 11. Bg5 Be7 12. Qf3 Rb8 13. Ba4 h6 14. Bxf6 Bxf6 15. Rad1 Bxc3 16. Qxc3 Kg8 17. Bb3 Qd6 18. Rfe1 c6 19. Qd3 g6 20. c4 Kh7 21. cxd5 Bxd5 22. Qd4 Rhe8 23. Rxe8 Rxe8 24. h3 Kg8 25. Qxa7 Qe5 26. Bxd5 cxd5 27. Qd4 Qxd4 28. Rxd4 Re2 29. Rb4 d4 30. Rxd4 Rxb2 31. Ra4 Rb1+ 32. Kh2 Ra1 33. g4 Kg7 34. h4 g5 35. h5 Kf6 36. Ra6+ Kg7 37. Kg3 Rg1+ 38. Kf3 Rc1 39. Ke3 Rc3+ 40. Kd4 Rf3 41. Kc5 Rxf2 42. a4 Rf4 43. a5 Rxg4 44. Kb5 Rg1 45. Rc6 g4 46. a6 Ra1 47. Rc4 f5 48. Kb6 Kf6 49. a7 Kg5 50. Rc5 Rxa7 51. Kxa7 g3 52. Kb6 g2 53. Rc1 f4 54. Kc5 f3 55. Kd4 f2 56. Ke3 f1=Q 0-1


[Site "https://www.chess.com"]